 Dungeon Crawl Stone Soup version 0.19.0-2-gae57169 (webtiles) character file.

967 Dickchan the Basher (level 8, 0/89 HPs)
             Began as an Ogre Berserker on Nov 3, 2016.
             Was a Priest of Trog.
             Slain by a centaur zombie (2 damage)
             ... on level 5 of the Dungeon on Nov 4, 2016.
             The game lasted 00:06:38 (3946 turns).

Dickchan the Basher (Ogre Berserker)                Turns: 3946, Time: 00:06:38

Health: 0/89       AC:  7    Str: 25    XL:     8   Next: 15%
Magic:  8/8        EV: 11    Int:  6    God:    Trog [***...]
Gold:   213        SH:  0    Dex:  9    Spells: 0 memorised, 7 levels left

rFire  . . .     SeeInvis .     a - +0 mace
rCold  . . .     Gourm    .     b - +0 animal skin
rNeg   . . .     Faith    .     (no shield)
rPois  .         Spirit   .     (helmet restricted)
rElec  .         Reflect  .     (no cloak)
rCorr  .         Harm     .     (gloves unavailable)
MR     .....                    (boots unavailable)
Stlth  ..........               (no amulet)
                                m - +4 ring of protection
                                g - ring of loudness (curse)

@: exhausted, slowed, very slow
A: unfitting armour, tough skin 1
a: Berserk, Trog's Hand, Burn Spellbooks, Renounce Religion


You were on level 5 of the Dungeon.
You worshipped Trog.
Trog was most pleased with you.
You were not hungry.

You visited 1 branch of the dungeon, and saw 5 of its levels.

You collected 213 gold pieces.

Inventory:

Hand Weapons
 a - a +0 mace (weapon)
Armour
 b - a +0 animal skin (worn)
Jewellery
 g - a cursed ring of loudness (left hand)
 m - a +4 ring of protection (right hand)
 o - an uncursed amulet of magic regeneration {unknown}
 r - an uncursed ring of protection from cold {unknown}
Scrolls
 d - 2 scrolls of fear {unknown}
 e - 2 scrolls of remove curse {unknown}
 f - 2 scrolls of identify {unknown}
 j - 4 scrolls of teleportation {unknown}
 n - a scroll of recharging {unknown}
 t - a scroll of immolation {unknown}
Potions
 h - 6 potions of curing {unknown}
 k - a potion of degeneration {unknown}
 l - a potion of lignification {unknown}
 p - 2 potions of magic {unknown}
 s - a potion of agility {unknown}
 u - 2 potions of brilliance {unknown}
Comestibles
 c - 3 bread rations
 i - a chunk of flesh
 q - 3 meat rations


   Skills:
 * Level 8.6 Fighting
 * Level 8.7 Maces & Flails
 + Level 4.3 Dodging


You had 7 spell levels left.
You didn't know any spells.

Dungeon Overview and Level Annotations

Branches:
Dungeon (5/15)
 Temple: D:4-7

Altars:
Gozag

Shops:
D:4 (


Innate Abilities, Weirdness & Mutations

You are too large for most types of armour.
You have tough skin. (AC +1)


Message History

* * * LOW HITPOINT WARNING * * *
You hit the centaur zombie but do no damage.
The centaur zombie hits you.
* * * LOW HITPOINT WARNING * * *
The centaur zombie hits you but does no damage.
You hit the centaur zombie but do no damage.
The centaur zombie hits you.
* * * LOW HITPOINT WARNING * * *
The centaur zombie hits you.
* * * LOW HITPOINT WARNING * * *
You hit the centaur zombie.
The centaur zombie is lightly damaged.
The centaur zombie barely misses you.
The centaur zombie hits you but does no damage.
You thump the centaur zombie!
The centaur zombie is heavily damaged.
The centaur zombie hits you.
* * * LOW HITPOINT WARNING * * *
The centaur zombie hits you.
You die...

########
#.#............#
##.#........Z...#
##..#.#.........######.
#.......#......รท.......
#.....######.##).......
#..#..# #....##.......#
###..#..#
#.#####.......#
#...##..###Z# #########
#...[...##@.#
......##.##.## #.....)
#....# #..... ######
#..... ######


You could see a centaur zombie.

Vanquished Creatures
  A hippogriff (D:5)
  Eustachio (D:4)
  A scorpion (D:5)
  3 wights
  A centaur zombie (D:5)
  2 orc priests (D:3)
  2 hounds
  2 orc wizards
  3 worker ants (D:4)
  A worker ant zombie (D:5)
  8 adders
  An ooze (D:2)
  An adder skeleton (D:4)
  5 worms
  A dart slug (D:2)
  3 leopard geckos
  14 orcs
  A ball python (D:1)
  6 hobgoblins
  4 quokkas
  6 bats
  5 frilled lizards
  9 goblins
  8 kobolds
  A quokka skeleton (D:4)
  8 rats
98 creatures vanquished.

Notes
Turn   | Place    | Note
-------+----------+-------------------------------------------
     0 | D:1      | Dickchan the Ogre Berserker began the quest for the Orb.
     0 | D:1      | Reached XP level 1. HP: 24/24 MP: 1/1
   455 | D:1      | Reached XP level 2. HP: 9/32 MP: 2/2
   924 | D:2      | Reached XP level 3. HP: 33/40 MP: 3/3
  1075 | D:2      | Reached skill level 5 in Maces & Flails
  1111 | D:2      | Reached ** piety under Trog
  1418 | D:2      | Reached XP level 4. HP: 48/49 MP: 4/4
  1499 | D:3      | Reached skill level 5 in Fighting
  1512 | D:3      | Reached XP level 5. HP: 56/57 MP: 5/5
  2432 | D:3      | Reached XP level 6. HP: 63/67 MP: 6/6
  2496 | D:4      | Found Fayfoumy's Weapon Shoppe.
  2550 | D:4      | Noticed Eustachio
  2612 | D:4      | Killed Eustachio
  2807 | D:4      | Reached *** piety under Trog
  3040 | D:4      | Reached XP level 7. HP: 78/78 MP: 7/7
  3365 | D:5      | Entered Level 5 of the Dungeon
  3807 | D:5      | Found an opulent altar of Gozag.
  3912 | D:5      | Noticed a hippogriff
  3924 | D:5      | Killed a hippogriff
  3924 | D:5      | Reached XP level 8. HP: 19/89 MP: 8/8
  3946 | D:5      | HP: 2/89 [centaur zombie (5)]
  3946 | D:5      | Slain by a centaur zombie

Skill      XL: |  1  2  3  4  5  6  7 |
---------------+----------------------+-----
Dodging        | 3 4 |  4.3
Maces & Flails | 5 6 7 8 |  8.7
Fighting       | 5 6 7 8 |  8.6

Action                   |  1- 3 |  4- 6 |  7- 9 || total
-------------------------+-------+-------+-------++-------
Melee: Mace              |   105 |   199 |   126 ||   430
Invok: Berserk           |     1 |     4 |     2 ||     7
  Eat: Chunk             |     2 |     8 |     5 ||    15
       Pizza             |       |     1 |       ||     1
Armor: Animal skin       |    27 |    88 |    40 ||   155
Dodge: Dodged            |    51 |   160 |    81 ||   292
